 Dungeon Crawl Stone Soup version 0.27-a0-1196-g3e9cee4cb2 (webtiles) character file.

Game seed: 16239476986767107621

11 karrick the Vexing (level 2, 0/19 HPs)
             Began as a Vampire Enchanter on May 30, 2021.
             Slain by a quokka (4 damage)
             ... on level 1 of the Dungeon.
             The game lasted 00:01:14 (270 turns).

karrick the Vexing (Vampire Enchanter)               Turns: 270, Time: 00:01:15

Health: 0/19       AC:  2    Str:  7    XL:     2   Next: 17%
Magic:  3/5        EV: 12    Int: 17    God:
Gold:   0          SH:  5    Dex: 14    Spells: 4/5 levels left

rFire    . . .     SeeInvis +   a - +1 dagger
rCold    . . .     Faith    .   (no shield)
rNeg     . . .     Spirit   .   b - +0 robe
rPois    .         Reflect  +   (no helmet)
rElec    .         Harm     .   (no cloak)
rCorr    .         Rampage  .   (no gloves)
Will     .....                  (no boots)
Stlth    +++.......             d - amulet of reflection
HPRegen  0.26/turn              (no ring)
MPRegen  0.09/turn              (no ring)

@: healing quickly
A: alive, fangs 3, see invisible, vampiric 1
a: Exsanguinate


You were on level 1 of the Dungeon.
You visited 1 branch of the dungeon, and saw 1 of its levels.

Inventory:

Hand Weapons
 a - a +1 dagger (weapon)
Armour
 b - a +0 robe (worn)
Jewellery
 d - an amulet of reflection (around neck)
Potions
 c - a potion of experience {unknown}
 e - a potion of might {unknown}


   Skills:
 + Level 1.1 Short Blades
 + Level 2.1 Dodging
 * Level 4.8 Stealth
 + Level 2.1 Spellcasting
 * Level 4.9 Hexes


You had 4 spell levels left.
You knew the following spells:

 Your Spells              Type           Power      Damage    Failure   Level
a - Corona                Hex            20%        N/A       2%          1

Your spell library contained the following spells:

 Spells                   Type           Power      Damage    Failure   Level
 Confusing Touch          Hex            18%        N/A       8%          3
 Tukima's Dance           Hex            18%        N/A       8%          3
 Ensorcelled Hibernation  Hex/Ice        20%        N/A       11%         2
 Dazzling Flash           Conj/Hex       20%        N/A       21%         3


Dungeon Overview and Level Annotations

Branches:
Dungeon (1/15)

Altars:


Innate Abilities, Weirdness & Mutations

Your natural rate of healing is accelerated.
You have razor-sharp teeth.
You have supernaturally acute eyesight. (SInv)
You are afflicted with vampirism.


Message History

Casting: Corona (safe; 2% risk of failure)
Confirm with . or Enter, or press ? or * to list all spells.
Aiming: Corona (safe; 2% risk of failure)
Press: ? - help, Shift-Dir - straight line, f - quokka
Aim: a quokka (chance to affect: 73%)
The quokka is outlined in light.
The endoplasm quivers.
The quokka bites you.
You hit the endoplasm but do no damage. The quokka barely misses you.
You block the endoplasm's attack.
Casting: Corona (safe; 2% risk of failure)
Confirm with . or Enter, or press ? or * to list all spells.
Aiming: Corona (safe; 2% risk of failure)
Press: ? - help, Shift-Dir - straight line, f - endoplasm, p - quokka
Aim: an endoplasm (chance to affect: 73%)
The endoplasm is outlined in light.
The quokka completely misses you.
The endoplasm jiggles.
You block the endoplasm's attack.
You hit the endoplasm.
The endoplasm is lightly wounded.
The quokka closely misses you. The quokka barely misses you.
You hit the endoplasm.
The endoplasm is severely wounded.
The endoplasm hits you. The quokka misses you.
You hit the endoplasm.
You kill the endoplasm!
The quokka bites you but does no damage.
You hit the quokka but do no damage. The quokka closely misses you.
Casting: Corona (safe; 2% risk of failure)
Confirm with . or Enter, or press ? or * to list all spells.
Aiming: Corona (safe; 2% risk of failure)
Press: ? - help, Shift-Dir - straight line, f - quokka
Aim: a quokka (softly glowing, chance to affect: 73%)
Okay, then.
You hit the quokka but do no damage. The quokka bites you.
* * * LOW HITPOINT WARNING * * *
The quokka closely misses you.
You hit the quokka but do no damage.
The quokka stops glowing.
The quokka bites you.
You die...

######.#.#......##.##+#...
.#.....#.#.......#........
.#.#####.#.......#$.....#
....# #..................
###.############.###+#.###
..#...)...# #$# ..
⌠.+.......# #g# #
..#.......# #r#
###......## #@# .....).>.#
#........ .........#
#####+#.. ########## #####
# #########


You could see a quokka and a hobgoblin.

Vanquished Creatures
  2 bats (D:1)
  An endoplasm (D:1)
  A giant cockroach (D:1)
  2 hobgoblins (D:1)
  2 goblins (D:1)
  A kobold (D:1)
  A rat (D:1)
10 creatures vanquished.

Notes
Turn   | Place    | Note
-------+----------+-------------------------------------------
     0 | D:1      | karrick the Vampire Enchanter began the quest for the Orb.
     0 | D:1      | Reached XP level 1. HP: 13/13 MP: 3/3
   193 | D:1      | Reached XP level 2. HP: 19/19 MP: 5/5
   270 | D:1      | Slain by a quokka

Illustrated notes

Levels and vault maps discovered:
D:1:      erik_arrival_cave_to_civilisation [erik_arrival_cave_to_hall],
          layout_basic, hellmonk_ecumenical_altar_blasted,
          minmay_misc_feat_room, minmay_tall_x

Action                   || total
-------------------------++-------
Melee: Dagger            ||    47
       Bite              ||     4
 Cast: Corona            ||     2
 Stab: Sleeping          ||     4
Armor: Robe              ||    13
Dodge: Dodged            ||    36
Block: Other             ||     5

Table legend: (Time is in decaauts)
 A = Elapsed time spent in this place.
 B = Non-inter-level travel time spent in this place.
 C = Inter-level travel time spent in this place.
 D = Time resting spent in this place.
 E = Time spent auto-exploring this place.
 F = Levels seen in this place.
 G = Mean time per level.
                   A        B        C        D        E       F      G
               +--------+--------+--------+--------+--------+-----+--------+
         Total |    268 |    268 |      0 |      0 |    161 |   1 |  268.0 |
       Dungeon |    268 |    268 |      0 |      0 |    161 |   1 |  268.0 |
               +--------+--------+--------+--------+--------+-----+--------+

Top non-repeatable levels by time:
     D:1: 268 daAuts
